Map: Incorporeal LE

Players

ManlyManMeat - Winner!

  • Race: Zerg Zerg
  • League: Master
  • Spawn Location: 11:00

NoelLahdo

  • Race: Zerg Zerg
  • League: Master
  • Spawn Location: 5:00

VOD

Have the link to the VOD?

Description

Time

  • Played on: June 16, 2025, 3:06 p.m.
  • Length: 12:58
Show
View Real Time Build Order
Export as new Build Order

ManlyManMeat Zerg - Winner!

Build Orders: Hatch First 

Get SALT Encoding   

  12  0:07  Overlord  
  12  0:12  Drone  
  13  0:16  Drone  
  14  0:26  Drone  
  15  0:30  Drone  
  16  0:47  Hatchery  
  15  0:51  Drone  
  15  0:54  Drone  
  17  1:11  Spawning Pool  
  16  1:16  Extractor  
  15  1:18  Drone x2  
  15  1:24  Drone  
  18  1:34  Drone  
  19  1:48  Drone  
  20  1:58  Queen  
  20  1:59  Queen  
  20  2:00  Zergling x4  
  26  2:10  Overlord  
  26  2:12  Drone  
  27  2:22  Metabolic Boost  
  27  2:24  Drone  
  28  2:31  Overlord  
  28  2:32  Drone x2  
  30  2:43  Overlord x2  
  30  2:51  Drone  
  31  2:58  Drone  
  32  3:07  Queen  
  33  3:24  Evolution Chamber  
  33  3:25  Roach Warren, Evolution Chamber  
  30  3:30  Zergling x8  
  30  3:31  Drone  
  30  3:32  Drone x3  
  36  3:56  Drone x2  
  36  3:57  Drone x2  
  36  4:02  Drone x3, Roach Warren  
  42  4:03  Drone  
  42  4:05  Extractor  
  42  4:17  Lair  
  42  4:18  Drone x3  
  44  4:44  Roach x3  
  44  4:45  Drone  
  51  4:46  Overlord x2  
  51  4:59  Overlord  
  51  5:05  Roach x4  
  51  5:06  Roach x2  
  59  5:35  Roach x5  
  66  5:36  Drone x2, Roach  
  66  5:39  Extractor  
  75  5:57  Roach x3  
  75  6:07  Glial Reconstitution  
  75  6:15  Drone  
  75  6:17  Overlord x4  
  76  6:25  Overlord x2, Hatchery  
  75  6:26  Overseer  
  75  6:27  Overseer  
  75  6:41  Roach  
  75  6:42  Roach x6  
  87  7:04  Roach  
  87  7:05  Roach x4  
  89  7:28  Roach x8  
  95  7:37  Drone  
  96  7:49  Drone  
  96  7:50  Drone x3  
  100  7:56  Tunneling Claws, Zerg Missile Weapons Level 1  
  100  8:04  Extractor  
  99  8:09  Drone x5  
  99  8:10  Ravager  
  99  8:12  Ravager  
  95  8:37  Ravager x3  
  95  8:40  Drone  
  95  8:41  Drone x13  
  107  8:44  Extractor  
  107  8:45  Extractor  
  98  9:11  Roach x11  
  107  9:25  Roach x2  
  107  9:26  Roach x2  
  104  9:33  Hatchery x2  
  104  9:38  Zergling x24  
  104  9:54  Hatchery  
  103  10:01  Roach x8  
  103  10:03  Ravager x2  
  121  10:16  Zergling x2, Roach x4  
  130  10:25  Overlord x2  
  130  10:26  Overlord x3  
  129  10:43  Spore Crawler x2  
  129  10:45  Spore Crawler  
  129  10:46  Spore Crawler x2  
  129  10:47  Spore Crawler x2  
  129  10:48  Spore Crawler  
  106  11:05  Queen  
  106  11:06  Queen  
  106  11:07  Queen  
  106  11:08  Hydralisk Den  
  90  11:15  Zergling x10  
  90  11:16  Zergling x14  
  90  11:17  Zergling x8  
  80  11:41  Queen  
  70  11:49  Roach x12  
  70  11:50  Roach x2  
  73  12:13  Hydralisk x7  
  77  12:26  Roach x4  
  77  12:27  Zergling x2  
  72  12:33  Roach  
Show
View Real Time Build Order
Export as new Build Order

NoelLahdo Zerg 

Build Orders: Hatch First 

Get SALT Encoding   

  12  0:00  Drone  
  13  0:08  Drone  
  14  0:15  Extractor  
  14  0:16  Drone  
  15  0:38  Hatchery  
  15  0:42  Drone, Extractor  
  15  0:57  Spawning Pool  
  15  1:03  Extractor  
  15  1:04  Drone  
  14  1:08  Overlord  
  15  1:27  Drone x3  
  18  1:36  Extractor  
  17  1:43  Queen  
  19  1:49  Queen  
  21  2:03  Zergling x4  
  21  2:04  Zergling x2  
  24  2:09  Drone x2  
  26  2:30  Zergling x4  
  26  2:34  Overlord x2  
  28  2:52  Zergling x6  
  28  2:53  Zergling x2  
  32  3:07  Metabolic Boost  
  32  3:10  Drone x3  
  32  3:11  Zergling x10, Extractor  
  39  3:27  Drone x2  
  39  3:53  Baneling Nest, Drone x2  
  39  3:54  Drone x4  
  44  4:09  Evolution Chamber  
  43  4:14  Evolution Chamber  
  42  4:17  Roach Warren  
  42  4:19  Drone  
  42  4:20  Drone x2  
  42  4:22  Overlord x2  
  44  4:34  Lair  
  43  4:49  Drone x3  
  43  4:50  Drone x4  
  50  4:57  Spine Crawler  
  50  4:59  Baneling x7  
  49  5:10  Extractor  
  49  5:13  Roach x3  
  49  5:14  Roach  
  52  5:38  Centrifugal Hooks  
  52  5:40  Glial Reconstitution  
  52  5:43  Roach x2  
  52  5:44  Roach  
  52  5:47  Overlord x3  
  51  6:09  Hatchery  
  51  6:10  Spire  
  49  6:18  Drone x4  
  51  6:19  Drone x2  
  55  6:37  Roach  
  55  6:38  Roach x3  
  63  6:43  Zerg Ground Armor Level 1  
  63  6:47  Extractor  
  62  6:59  Zergling x2  
  62  7:00  Zergling x10  
  66  7:12  Zerg Missile Weapons Level 1  
  66  7:17  Roach x2  
  64  7:44  Drone  
  64  7:45  Drone x8  
  73  7:57  Zerg Flyer Weapons Level 1  
  73  8:02  Zergling x2  
  73  8:03  Zergling x6  
  77  8:14  Hatchery  
  60  8:39  Roach  
  60  8:40  Roach x12  
  84  8:50  Spine Crawler  
  84  8:54  Spine Crawler  
  68  9:11  Zergling x16  
  68  9:14  Zerg Missile Weapons Level 2  
  66  9:22  Roach  
  53  9:37  Roach x6  
  65  10:06  Burrow  
  65  10:10  Mutalisk x6  
  77  10:18  Drone  
  77  10:19  Drone x5  
  83  10:26  Queen  
  77  10:52  Ravager  
  76  10:57  Mutalisk x2  
  76  11:03  Zergling x2  
  76  11:04  Zergling x28  
  71  11:07  Queen  
  62  11:26  Queen  
  62  11:27  Queen  
  62  11:31  Drone x5  
  57  12:26  Drone x6  
Tags
 
Add a new tag
Caveats
  • Supply blocks, unpowered buildings, or Contaminate may cause inaccurate times.
  • Supply counts are checked every 10 seconds.